Map: Oceanborn LE

Players

ProtossOP (Vindicta)

  • Race: Terran Terran
  • League: Grandmaster
  • Spawn Location: 5:00

A.I. 1 (Very Easy) - Winner!

  • Race: Terran Terran
  • Spawn Location: 11:00

VOD

Have the link to the VOD?

Description

Time

  • Played on: Oct. 2, 2025, 10:08 p.m.
  • Length: 7:43
Show
View Real Time Build Order
Export as new Build Order

ProtossOP Terran 

Build Orders:  

Get SALT Encoding   

  12  0:00  SCV  
  13  0:12  SCV  
  14  0:18  Supply Depot  
  14  0:24  SCV  
  15  0:40  SCV  
  15  0:41  Barracks  
  16  0:45  Refinery  
  16  0:52  SCV  
  16  0:54  Refinery  
  18  1:04  SCV  
  18  1:16  SCV  
  19  1:28  Orbital Command  
  19  1:30  Reaper  
  20  1:34  Supply Depot  
  20  1:45  Factory  
  20  1:55  SCV  
  21  2:02  Reaper  
  21  2:07  SCV  
  23  2:20  Command Center, SCV  
  24  2:29  Hellion  
  26  2:32  SCV  
  26  2:35  Barracks Reactor  
  27  2:44  Starport, SCV  
  28  2:54  Factory Tech Lab  
  28  2:57  SCV  
  29  2:59  Supply Depot  
  29  3:09  SCV  
  29  3:12  Marine  
  31  3:20  Marine  
  31  3:21  Starport Tech Lab, SCV, Cyclone  
  36  3:30  Marine  
  36  3:33  Orbital Command  
  37  3:34  SCV  
  37  3:38  Marine  
  37  3:41  Raven  
  41  3:46  SCV  
  41  3:48  Marine  
  43  3:55  Siege Tank  
  46  3:56  Marine  
  46  3:59  SCV x2  
  46  4:01  Supply Depot  
  49  4:06  Marine  
  50  4:11  SCV x2  
  50  4:14  Marine  
  53  4:23  SCV  
  54  4:26  Supply Depot  
  54  4:27  Siege Tank  
  54  4:29  SCV  
  54  4:40  SCV, Barracks x2  
  54  4:42  Starport Reactor  
  54  4:43  Marine  
  54  4:44  SCV  
  57  4:46  Stimpack  
  57  4:48  Supply Depot  
  57  4:50  Refinery  
  57  4:52  Refinery, SCV  
  58  4:56  SCV  
  59  5:01  Marine  
  59  5:04  SCV  
  61  5:08  SCV, Siege Tank  
  65  5:17  SCV  
  65  5:18  Marine  
  65  5:20  SCV, Barracks  
  65  5:21  Barracks  
  68  5:27  Marine x2  
  70  5:29  SCV  
  71  5:36  Marine  
  71  5:38  Marine, SCV  
  71  5:40  Siege Tank  
  71  5:42  Starport Reactor  
  77  5:45  Marine  
  77  5:48  Supply Depot x2  
  77  5:49  Supply Depot  
  78  6:09  Marine x4  
  78  6:10  Barracks Reactor x2  
  82  6:12  Siege Tank  
  82  6:14  Marine  
  82  6:15  Supply Depot  
  86  6:20  Medivac x2  
  90  6:27  Marine x4  
  90  6:32  Marine  
  95  6:41  Supply Depot  
  95  6:45  Marine x2  
  95  6:46  Marine x3  
  95  6:47  Marine  
  100  6:48  Marine, Siege Tank  
  100  6:50  Medivac x2  
  109  6:54  Marine  
  110  7:02  Marine  
  110  7:03  Marine  
  110  7:04  Supply Depot  
  110  7:05  Supply Depot  
  110  7:07  Marine  
  113  7:10  Marine  
  113  7:11  Marine  
  113  7:14  Marine  
  116  7:19  Marine  
  116  7:20  Marine  
  128  7:33  Supply Depot  
  128  7:36  Supply Depot  
Show
View Real Time Build Order
Export as new Build Order

A.I. 1 (Very Easy) Terran - Winner!

Build Orders:  

Get SALT Encoding   

  12  0:00  SCV  
  13  0:13  SCV  
  14  0:18  Supply Depot  
  14  0:36  Refinery  
  14  0:41  Barracks  
  14  1:04  Supply Depot  
  14  1:12  Refinery  
  14  1:29  Barracks Tech Lab  
  14  1:30  Orbital Command  
  14  1:47  Marine  
  15  1:56  SCV  
  16  2:08  SCV  
  17  2:20  SCV  
  18  2:30  Marine  
  18  2:32  SCV  
  20  2:44  SCV  
  21  2:56  SCV  
  22  3:14  Marauder  
  23  4:17  SCV  
  24  4:30  Marine  
  24  5:46  SCV  
  24  6:32  SCV  
  25  6:33  Marine  
  25  6:35  Supply Depot  
  25  6:37  Factory  
  26  6:41  Command Center  
  26  6:44  SCV  
  27  6:57  SCV  
  27  6:58  Supply Depot  
  28  7:07  Marine  
  27  7:09  SCV  
  26  7:21  SCV  
  26  7:22  Starport  
Tags
 
Matchup
TvT
Player
Vindicta
Race
Terran
Spawn Locations
Cross Positions
Add a new tag
Caveats
  • Supply blocks, unpowered buildings, or Contaminate may cause inaccurate times.
  • Supply counts are checked every 10 seconds.